AoeStats
← 六百公斤大肥豬

Arena

509893717Analyzed
4v4 RM · 5d ago on Sep 28, 2026· 43m 28s· 8 players
Game mode
Random Map
Map size
Large (8 player)
Population
200
Speed
Normal
Resources
Standard
Victory
Conquest
Starting age
Dark Age
Ending age
Imperial Age
RankedLock teamsTeams togetherTeam positionsShared explorationLock speedFull tech treeHidden civsTurbo modeCheats
Victory
Defeat
🇨🇳 Britons · China
1406
+13
🇻🇳 Lithuanians · Vietnam
1331
+16
🇻🇳 Italians · Vietnam
1319
+17
🇬🇷 Goths · Greece
1289
+18
🇭🇰 Danes · Hong Kong SAR China
1349
-17
🇨🇳 Italians · China
1338
-16
🇨🇳 Varangians · China
1332
-16
1312
-15
The Long Dark
10:49 Feudal Age
11:44 Double-Bit Axe
14:25 Castle Age
12:24 Stone Mining
12:50 Horse Collar
15:17 Bow Saw
24:07 Imperial Age
21:42 Fletching
22:08 Heavy Plow
22:36 Gold Mining
23:19 Bodkin Arrow
25:51 Elite Skirmisher
27:42 Chemistry
27:03 Ballistics
29:29 Treadmill Crane
32:01 Two-Man Saw
32:09 Two-Man Saw
32:58 Crop Rotation
33:55 Padded Archer Armor
35:09 Leather Archer Armor
36:07 Thumb Ring
电脑人-偷家鸡鸡短三寸-
10:04 Feudal Age
13:53 Castle Age
12:30 Double-Bit Axe
21:01 Wheelbarrow
20:16 Loom
21:58 Horse Collar
22:31 Bow Saw
22:16 Gold Mining
23:56 Gold Shaft Mining
23:26 Heavy Plow
28:42 Imperial Age
26:39 Ballistics
26:21 Fletching
27:04 Hand Cart
27:00 Town Watch
27:07 Elite Skirmisher
28:07 Bodkin Arrow
28:44 Thumb Ring
30:06 Bracer
31:53 Chemistry
31:40 Conscription
33:05 Two-Man Saw
39:38 Pikeman
40:18 Squires
六百公斤大肥豬
11:14 Feudal Age
12:06 Double-Bit Axe
12:10 Horse Collar
14:59 Castle Age
17:50 Bow Saw
21:34 Heavy Plow
23:16 Stone Mining
23:46 Gold Mining
24:51 Wheelbarrow
26:21 Loom
29:06 Imperial Age
26:54 Scale Mail Armor
27:04 Forging
27:36 Gold Shaft Mining
27:38 Stone Shaft Mining
27:30 Squires
27:16 Arson
28:02 Gambesons
28:34 Chain Mail Armor
29:34 Iron Casting
29:23 Capped Ram
30:10 Siege Engineers
30:40 Plate Mail Armor
29:50 Capped Ram
31:06 Hand Cart
30:36 Town Watch
30:36 Northmen's Fury
31:34 Elite Varangian Guard
32:30 Onager
35:03 Blast Furnace
34:41 Man-at-Arms
34:45 Hamask
35:46 Conscription
35:22 Long Swordsman
37:00 Hoardings
36:20 Two-Handed Swordsman
38:55 Champion
40:13 Champion
不会进攻
9:46 Feudal Age
13:35 Castle Age
11:48 Double-Bit Axe
15:40 Bow Saw
18:42 Wheelbarrow
19:50 Loom
28:11 Imperial Age
25:53 Horse Collar
26:25 Squires
27:08 Scale Mail Armor
27:12 Heavy Plow
28:08 Chain Mail Armor
27:59 Treadmill Crane
28:53 Forging
29:32 Plate Mail Armor
29:54 Conscription
30:30 Iron Casting
30:18 Elite Varangian Guard
30:56 Gothikon
32:16 Gold Mining
32:55 Masonry
36:34 Blast Furnace
35:25 Fletching
35:57 Hand Cart
37:13 Coinage
36:55 Guilds
39:24 Bloodlines
39:15 Husbandry
38:35 Light Cavalry
40:15 Scale Barding Armor
40:56 Banking
40:44 Arson
41:49 Gambesons
42:11 Stone Mining
43:12 Vendel Legacy
piecardinap
12:58 Feudal Age
13:30 Horse Collar
16:23 Castle Age
15:06 Double-Bit Axe
15:42 Gold Mining
21:13 Wheelbarrow
21:25 Loom
30:43 Imperial Age
28:55 Bow Saw
30:54 Cavalier
31:45 Bloodlines
31:37 Husbandry
31:43 Scale Barding Armor
31:49 Forging
32:28 Hand Cart
33:44 Two-Man Saw
33:51 Paladin
36:22 Stone Mining
39:14 Iron Casting
39:00 Chain Barding Armor
41:49 Plate Barding Armor
42:10 Stone Shaft Mining
逸丶然
10:02 Feudal Age
13:51 Castle Age
12:03 Double-Bit Axe
12:37 Horse Collar
14:54 Bow Saw
20:28 Wheelbarrow
21:04 Bow Saw
22:10 Hand Cart
23:01 Heavy Plow
22:53 Gold Mining
22:54 Stone Mining
22:59 Gold Mining
24:46 Loom
27:34 Imperial Age
25:46 Ballistics
25:14 Crossbowman
26:04 Treadmill Crane
26:44 Fletching
26:58 Murder Holes
27:24 Bodkin Arrow
27:20 Town Watch
27:53 Town Watch
28:38 Yeomen
28:44 Conscription
28:25 Bracer
29:33 Chemistry
28:34 Padded Archer Armor
28:04 Arbalester
29:05 Elite Skirmisher
30:03 Leather Archer Armor
31:09 Sappers
32:46 Hoardings
34:12 Ring Archer Armor
35:10 Two-Man Saw
36:27 Gold Shaft Mining
35:57 Onager
38:06 Scale Mail Armor
38:16 Forging
37:35 Capped Ram
mryendl2410
12:16 Feudal Age
11:27 Loom
13:44 Double-Bit Axe
16:11 Castle Age
14:29 Horse Collar
15:08 Gold Mining
21:01 Imperial Age
19:31 Fletching
28:38 Padded Archer Armor
29:42 Ballistics
29:59 Bodkin Arrow
30:59 Bracer
32:29 Chemistry
31:49 Leather Archer Armor
33:24 Wheelbarrow
33:01 Bow Saw
34:38 Ring Archer Armor
36:47 Scale Mail Armor
38:09 Scale Mail Armor
Papiz96
10:51 Feudal Age
14:40 Castle Age
12:33 Double-Bit Axe
13:38 Horse Collar
22:35 Wheelbarrow
22:12 Bow Saw
22:56 Heavy Plow
24:15 Hand Cart
24:23 Stone Mining
24:24 Gold Mining
25:18 Loom
27:54 Stone Shaft Mining
27:52 Squires
30:26 Imperial Age
27:59 Scale Mail Armor
28:10 Forging
29:11 Anarchy
29:41 Chain Mail Armor
29:38 Masonry
29:49 Treadmill Crane
31:51 Conscription
31:04 Elite Huskarl
31:12 Man-at-Arms
32:36 Iron Casting
31:53 Long Swordsman
32:41 Two-Handed Swordsman
33:31 Champion
35:17 Blast Furnace
34:22 Perfusion
36:06 Chemistry
39:36 Fletching
40:09 Ballistics
Connection lost

Rejoining the realm…

Still unreachable

The connection could not be restored.

Session expired

The server has moved on; the page needs a fresh start.